 Dungeon Crawl Stone Soup version 0.28-a0-313-gbc0475efdd (webtiles) character file.

Game seed: 9424419697117778495

281 freelancePsychic the Firebug (level 6, 13/28 HPs)
             Began as a Felid Fire Elementalist on Aug 31, 2021.
             Was an Initiate of Ashenzari.
             Quit the game on level 4 of the Dungeon.
             The game lasted 00:06:46 (6224 turns).

freelancePsychic the Firebug (FeFE)                 Turns: 6224, Time: 00:06:46

Health: 13/28      AC:  2    Str:  4    XL:     6   Next: 6%
Magic:  10/10      EV: 17    Int: 19    God:    Ashenzari [......]
Gold:   216        SH:  0    Dex: 16    Spells: 8/9 levels left
                                        Lives:  0   Deaths: 1

rFire   . . .      SeeInvis +   (weapon unavailable)
rCold   . . .      Faith    .   (shield unavailable)
rNeg    . . .      Spirit   .   (armour unavailable)
rPois   .          Reflect  .   (helmet unavailable)
rElec   .          Harm     .   (cloak unavailable)
rCorr   .          Rampage  .   (gloves unavailable)
Will    .....                   (boots unavailable)
Stlth   ++........              (no amulet)
HPRegen 0.09/turn               (no ring)
MPRegen 0.12/turn               (no ring)

@: quick
A: very small, claws 1, fangs 3, see invisible, speed 1, shaggy fur 2, stealthy
paws, no weapons or thrown items, no armour, multi-lived
a: Renounce Religion, Curse Item


You were on level 4 of the Dungeon.
You worshipped Ashenzari.
Ashenzari was noncommittal.
You visited 1 branch of the dungeon, and saw 4 of its levels.

You collected 216 gold pieces.

Inventory:

Wands
 k - a wand of polymorph (8)
 l - a wand of flame (30)
Scrolls
 b - a scroll of blinking
 i - a scroll of amnesia
 n - a scroll of teleportation {@r4}
Potions
 a - 3 potions of curing {@q1}
 c - 2 potions of mutation
 d - a potion of heal wounds {@q2}
 e - 2 potions of flight
 f - a potion of berserk rage
 g - a potion of invisibility
 h - a potion of ambrosia
 j - 2 potions of lignification
 m - a potion of might


   Skills:
 + Level 3.0 Fighting
 - Level 2.6 Dodging
 - Level 2.6 Stealth
 - Level 2.0 Spellcasting
 + Level 3.6 Conjurations
 + Level 4.5 Fire Magic


You had 8 spell levels left.
You knew the following spells:

 Your Spells              Type           Power      Damage    Failure   Level
a - Foxfire               Conj/Fire      68%        2x1d7     3%          1

Your spell library contained the following spells:

 Spells                   Type           Power      Damage    Failure   Level
 Conjure Flame            Conj/Fire      17%        6-21      10%         3
 Animate Skeleton         Necr           2%         N/A       17%         1
 Pain                     Necr           4%         1d4       17%         1
 Inner Flame              Hex/Fire       10%        N/A       21%         3
 Sticky Flame             Conj/Fire      17%        2d4       30%         4
 Vampiric Draining        Necr           0%         2d6       45%         3
 Fireball                 Conj/Fire      8%         3d6       65%         5


Dungeon Overview and Level Annotations

Branches:
Dungeon (4/15)             Temple (0/1) D:4

Altars:
Ashenzari
Gozag
Vehumet
Zin

Shops:
D:2 [   D:4 :

Annotations:
D:4 Robin


Innate Abilities, Weirdness & Mutations

You have sharp claws.
You have razor-sharp teeth.
You have supernaturally acute eyesight. (SInv)
You cover ground quickly. (Speed+)
You are covered in thick fur. (AC +2)
Your paws help you pounce on unaware monsters.
You are incapable of wielding weapons or throwing items.
You cannot wear armour.
You gain extra lives every three experience levels.


Message History

A goblin comes into view. It is wielding a +0 dagger.
The goblin shouts!
You scratch the hobgoblin but do no damage.
Robin throws the goblin at you! The hobgoblin barely misses you.
The goblin barely misses you.
You closely miss the hobgoblin. The hobgoblin closely misses you.
The goblin misses you.
A goblin comes into view. It is wielding a +0 club.
You barely miss the hobgoblin.
The goblin shouts!
The hobgoblin misses you. The goblin barely misses you.
You scratch the hobgoblin.
The hobgoblin is moderately wounded.
The hobgoblin barely misses you. The goblin hits you with a +0 club.
You scratch the hobgoblin.
The hobgoblin is heavily wounded.
The hobgoblin closely misses you. The goblin barely misses you.
You scratch the hobgoblin but do no damage.
You bite the hobgoblin.
The hobgoblin is severely wounded.
The hobgoblin barely misses you. The goblin barely misses you.
You scratch the hobgoblin but do no damage.
The hobgoblin is heavily wounded.
The hobgoblin hits you! The goblin misses you.
You are too injured to fight recklessly!
You are too injured to fight recklessly!
You are too injured to fight recklessly!
You are too injured to fight recklessly!
You are too injured to fight recklessly!
You are too injured to fight recklessly!
You are too injured to fight recklessly!
You are too injured to fight recklessly!
You are too injured to fight recklessly!
You are too injured to fight recklessly!
You are too injured to fight recklessly!
You are too injured to fight recklessly!
You are too injured to fight recklessly!
You are too injured to fight recklessly!
You are too injured to fight recklessly!
Are you sure you want to abandon this character and quit the game? (Confirm with "yes".)

.........##...........##
#.#.......##.........##
.)#.......###.......##
....#.##### ##.....##
.##.#.# ##...###
......##########'##.#####
........................#
###################.###.#
gg..ggg@g..# g###########


You could see Robin, 2 hobgoblins and 4 goblins.

Vanquished Creatures
  A scorpion (D:4)
  A water moccasin skeleton (D:4)
  A centaur zombie (D:3)
  An orc priest (D:4)
  A hound (D:4)
  2 orc wizards (D:4)
  2 adders (D:2)
  3 dart slugs
  10 orcs
  4 ball pythons
  4 endoplasms
  4 giant cockroaches
  9 goblins
  4 hobgoblins
  3 jackals (D:2)
  4 quokkas
  6 bats
  7 frilled lizards
  4 kobolds
  10 rats
81 creatures vanquished.

Vanquished Creatures (others)
  318 foxfires
318 creatures vanquished.

Grand Total: 399 creatures vanquished

Notes
Turn   | Place    | Note
-------+----------+-------------------------------------------
     0 | D:1      | freelancePsychic the Felid Fire Elementalist began the
                  | quest for the Orb.
     0 | D:1      | Reached XP level 1. HP: 7/7 MP: 4/4
    55 | D:1      | Reached skill level 1 in Conjurations
   230 | D:1      | Reached skill level 3 in Fire Magic
   231 | D:1      | Reached XP level 2. HP: 9/11 MP: 1/6
   291 | D:1      | Noticed a golden eye
   295 | D:1      | Noticed an eye of devastation
   331 | D:1      | Found a faded altar of an unknown god.
   333 | D:1      | Noticed a floating eye
   339 | D:1      | Noticed an eye of devastation
   350 | D:1      | Became a worshipper of Ashenzari the Shackled
  1275 | D:2      | Reached XP level 3. HP: 9/14 MP: 4/7
  2021 | D:2      | Found Lucviu's Armour Boutique.
  2364 | D:2      | Reached XP level 4. HP: 18/18 MP: 8/8
  2913 | D:3      | Reached skill level 1 in Fighting
  3044 | D:3      | Found an opulent altar of Gozag.
  4025 | D:3      | Found a radiant altar of Vehumet.
  4742 | D:4      | Reached skill level 4 in Fire Magic
  4742 | D:4      | Reached XP level 5. HP: 22/22 MP: 2/9
  5311 | D:4      | Found a glowing silver altar of Zin.
  5482 | D:4      | Noticed a black bear
  5500 | D:3      | Slain by a bullfrog
  5501 | D:3      | Reached XP level 4. HP: -2/19 MP: 7/8
  5675 | D:4      | Reached XP level 5. HP: 20/23 MP: 1/9
  5740 | D:4      | Found Ytryudoatz's Book Shoppe.
  5976 | D:4      | Found a staircase to the Ecumenical Temple.
  6111 | D:4      | Gained mutation: You are covered in thick fur. (AC +2)
                  | [Felid growth]
  6111 | D:4      | Reached XP level 6. HP: 28/28 MP: 4/10
  6213 | D:4      | Noticed Robin
  6224 | D:4      | Quit the game

Illustrated notes

Levels and vault maps discovered:
D:1:      dpeg_arrival_round_a, layout_rooms,
          hellmonk_ecumenical_altar_watching_god
D:2:      layout_basic, serial_shops, shop, minmay_fractal_squares_gapless_5
D:3:      layout_basic, amcnicky_altar_gilded, vehumet_altar_wand_db,
          minivault_27
D:4:      layout_basic, nicolae_overflow_hidden_temple, lemuel_tele_altar,
          minmay_temple_entry_ruins, serial_shops, nicolae_take_the_stairs,
          nicolae_diamond_shop, minmay_misc_feat_columns, kennysheep_diamond,
          chequers_serial_rivers_micro_c, uniq_robin

Skill      XL: |  1  2  3  4  5 |
---------------+----------------+-----
Conjurations   | 1 2 3 |  3.6
Fire Magic     | 3 4 |  4.5
Fighting       | 2 3 |  3.0
Dodging        | |  2.6
Stealth        | |  2.6
Spellcasting   | |  2.0

Action                   |  1- 3 |  4- 6 || total
-------------------------+-------+-------++-------
Melee: Unarmed           |    42 |    23 ||    65
       Bite              |     4 |     1 ||     5
 Cast: Foxfire           |    88 |   105 ||   193
  Use: Scroll            |       |     1 ||     1
 Stab: Sleeping          |     8 |     1 ||     9
Armor: Skin              |     6 |     4 ||    10
Dodge: Dodged            |    50 |    58 ||   108

Table legend: (Time is in decaauts)
 A = Elapsed time spent in this place.
 B = Non-inter-level travel time spent in this place.
 C = Inter-level travel time spent in this place.
 D = Time resting spent in this place.
 E = Time spent auto-exploring this place.
 F = Levels seen in this place.
 G = Mean time per level.
                   A        B        C        D        E       F      G
               +--------+--------+--------+--------+--------+-----+--------+
         Total |   5680 |   5388 |    292 |    464 |   4318 |   4 | 1420.0 |
       Dungeon |   5680 |   5388 |    292 |    464 |   4318 |   4 | 1420.0 |
               +--------+--------+--------+--------+--------+-----+--------+

Top non-repeatable levels by time:
     D:3: 1952 daAuts
     D:2: 1441 daAuts
     D:4: 1197 daAuts
     D:1: 1090 daAuts
